 Dungeon Crawl Stone Soup version 0.28-a0-1447-ga5a8893891 (webtiles) character file.

Game seed: 15285283481753176435

11 cheechan the Vexing (level 2, 11/25 HPs)
             Began as a Naga Arcane Marksman on Jan 11, 2022.
             Quit the game on level 1 of the Dungeon.
             The game lasted 00:01:09 (208 turns).

cheechan the Vexing (Naga Arcane Marksman)           Turns: 208, Time: 00:01:09

Health: 11/25      AC:  1    Str: 12    XL:     2   Next: 25%
Magic:  3/3        EV:  9    Int: 13    God:
Gold:   45         SH:  0    Dex: 11    Spells: 2/3 levels left

rFire   . . .      SeeInvis +   a - +0 hand crossbow
rCold   . . .      Faith    .   (no shield)
rNeg    . . .      Spirit   .   d - +0 robe
rPois   +          Reflect  .   (no helmet)
rElec   .          Harm     .   (no cloak)
rCorr   .          Rampage  .   (no gloves)
Will    .....                   (no barding)
Stlth   +.........              (no amulet)
HPRegen 0.08/turn               (no ring)
MPRegen 0.08/turn               (no ring)

@: very slow
A: AC +0, large, see invisible, deformed body, poison resistance, slowness 2,
spit poison 1, naga tail 1
a: Spit Poison


You were on level 1 of the Dungeon.
You visited 1 branch of the dungeon, and saw 1 of its levels.

You collected 45 gold pieces.

Inventory:

Hand Weapons
 a - a +0 hand crossbow (weapon)
Missiles
 c - 15 bolts (quivered ammo)
 e - 49 stones
Armour
 d - a +0 robe (worn)
Scrolls
 b - a scroll of teleportation {unknown}


   Skills:
 + Level 1.1 Fighting
 + Level 2.0 Crossbows
 + Level 1.6 Dodging
 + Level 1.0 Spellcasting
 + Level 3.4 Hexes


You had 2 spell levels left.
You knew the following spells:

 Your Spells              Type           Power      Damage    Failure   Level
a - Slow                  Hex            36%        N/A       7%          1

Your spell library contained the following spells:

 Spells                   Type           Power      Damage    Failure   Level
 Inner Flame              Hex/Fire       5%         N/A       38%         3
 Portal Projectile        Hex/Tloc       10%        N/A       38%         3
 Cause Fear               Hex            4%         N/A       56%         4


Dungeon Overview and Level Annotations

Branches:
Dungeon (1/15)

Altars:


Innate Abilities, Weirdness & Mutations

Your serpentine skin is tough. (AC +0)
You have supernaturally acute eyesight. (SInv)
Armour fits poorly on your strangely shaped body.
Your system is resistant to poisons. (rPois)
You cover ground very slowly.
You can spit poison.
You have a snake-like lower body.


Message History

Fire: 12 bolts
Press: ? - help, Shift-Dir - straight line, f/p - kobold
Aim: a kobold, wielding a +0 short sword and quivering stones (53% to hit)
You shoot a bolt. The bolt hits the kobold.
The kobold is severely wounded.
The kobold hits you with a +0 short sword. x2
Unknown command.
Casting: Slow (safe; 7% risk of failure)
Confirm with . or Enter, or press ? or * to list all spells.
Aiming: Slow (safe; 7% risk of failure)
Press: ? - help, Shift-Dir - straight line, f/p - kobold
Aim: a kobold, wielding a +0 short sword and quivering stones (severely wounded, chance to affect: 64%)
The kobold struggles to resist.
The kobold hits you with a +0 short sword.
Unknown command.
Aiming: Spit Poison (2% risk of failure)
Press: ? - help, Q - select action, (/) - cycle Shift-Dir - straight line, f/p - kobold
Aim: a kobold, wielding a +0 short sword and quivering stones (severely wounded, 50% to hit)
The splash of poison misses the kobold.
The kobold barely misses you.
Fire: 11 bolts
Press: ? - help, Shift-Dir - straight line, f/p - kobold
Aim: a kobold, wielding a +0 short sword and quivering stones (severely wounded, 53% to hit)
You shoot a bolt. The bolt hits the kobold.
You kill the kobold!
Unknown command.
You have got your breath back.
e - 49 stones (gained 4);
c - 12 bolts (gained 2)
You see here a +0 short sword.
c - 15 bolts (gained 3)
A bat comes into view.
Fire: 15 bolts
Press: ? - help, Shift-Dir - straight line, f - bat
Aim: a bat (asleep, 98% to hit)
You shoot a bolt. The bolt hits the bat!
You kill the bat!
Unknown command.
c - 15 bolts (gained 1)
You see here a bat corpse.
Are you sure you want to abandon this character and quit the game? (Confirm with "yes".)

#..............#
#..#########.###
#..###### #.#
......... ..#
.#..##### ########
.#..# #......# .##.#
#.####.#
.##.#######.#.†#.#
..†.>....##.#...@#
#........##.##########
#........##.......)..#
#........###########^#
#........# #.#
#........# #.#
#........# #.#
#........###########.#
#######..............#


There were no monsters in sight!

Vanquished Creatures
  A ball python (D:1)
  3 bats (D:1)
  A kobold (D:1)
  2 quokkas (D:1)
  2 frilled lizards (D:1)
  A rat (D:1)
10 creatures vanquished.

Notes
Turn   | Place    | Note
-------+----------+-------------------------------------------
     0 | D:1      | cheechan the Naga Arcane Marksman began the quest for the
                  | Orb.
     0 | D:1      | Reached XP level 1. HP: 18/18 MP: 2/2
    69 | D:1      | Reached XP level 2. HP: 7/25 MP: 3/3
   208 | D:1      | Quit the game

Illustrated notes

Levels and vault maps discovered:
D:1:      minmay_arrival_checkered_box, layout_basic

Skill      XL: |  1  2 |
---------------+-------+-----
Crossbows      | 2 |  2.0
Fighting       | |  1.1
Dodging        | |  1.6
Spellcasting   | |  1.0
Hexes          | |  3.4

Action                   || total
-------------------------++-------
 Fire: Hand crossbow     ||    28
 Cast: Slow              ||     2
 Abil: Spit Poison       ||     2
Armor: Robe              ||     3
Dodge: Dodged            ||    16

Table legend: (Time is in decaauts)
 A = Elapsed time spent in this place.
 B = Non-inter-level travel time spent in this place.
 C = Inter-level travel time spent in this place.
 D = Time resting spent in this place.
 E = Time spent auto-exploring this place.
 F = Levels seen in this place.
 G = Mean time per level.
                   A        B        C        D        E       F      G
               +--------+--------+--------+--------+--------+-----+--------+
         Total |    279 |    279 |      0 |      0 |      0 |   1 |  279.0 |
       Dungeon |    279 |    279 |      0 |      0 |      0 |   1 |  279.0 |
               +--------+--------+--------+--------+--------+-----+--------+

Top non-repeatable levels by time:
     D:1: 279 daAuts
